 Dungeon Crawl Stone Soup version 0.31-a0-198-g2ad674f65e (webtiles) character file.

Game seed: 3307777656512266033

69 qw the Shooter (level 4, 0/25 HPs)
             Began as a Deep Elf Hunter on June 25, 2023.
             Killed from afar by an orc wizard (3 damage)
             ... with a magic dart
             ... on level 2 of the Dungeon.
             The game lasted 00:00:32 (1345 turns).

qw the Shooter (Deep Elf Hunter)                    Turns: 1345, Time: 00:00:33

Health: 0/25       AC:  4    Str: 10    XL:     4   Next: 2%
Magic:  6/6        EV: 13    Int: 14    God:
Gold:   90         SH:  0    Dex: 24    Spells: 3/3 levels left

rFire   . . .        Y - +0 shortbow
rCold   . . .        (shield currently unavailable)
rNeg    . . .        c - +0 leather armour
rPois   .            (no helmet)
rElec   .            h - +0 cloak
rCorr   .            (no gloves)
SInv    .            (no boots)
Will    .....        (no amulet)
Stlth   ++           a - +6 ring of dexterity
HPRegen 0.24/turn    (no ring)
MPRegen 0.10/turn

%: no passive effects
@: no status effects
A: no striking features
a: no special abilities


You were on level 2 of the Dungeon.
You visited 1 branch of the dungeon, and saw 3 of its levels.

You collected 90 gold pieces.


   Skills:
 - Level 1.5 Fighting
 - Level 7.3 Ranged Weapons
 + Level 2.7 Dodging
 - Level 1.2 Stealth


You had 3 spell levels left.
You didn't know any spells.
Your spell library was empty.

Inventory:

Hand Weapons
 Y - a +0 shortbow (weapon)
Armour
 c - a +0 leather armour (worn)
 h - a +0 cloak (worn)
Jewellery
 a - a +6 ring of dexterity (left hand)
Scrolls
 f - a scroll of identify
Potions
 b - a potion of berserk rage {unknown}
 d - 2 potions of haste
 e - a potion of might {unknown}
 g - a potion of enlightenment {unknown}

Dungeon Overview and Level Annotations

Branches:
Dungeon (3/15)

Altars:


Message History

Reactivating autopickup.
There is a stone staircase leading down here.
You start resting.
Something hits you.
Deactivating autopickup; reactivate with Ctrl-A.
Autopickup is now on.
You start resting.
Something hits you but does no damage.
Deactivating autopickup; reactivate with Ctrl-A.
Autopickup is now on.
You start resting.
Something hits you but does no damage.
Deactivating autopickup; reactivate with Ctrl-A.
Autopickup is now on.
You start resting.
Something hits you but does no damage.
Deactivating autopickup; reactivate with Ctrl-A.
Autopickup is now on.
You start resting.
Something hits you.
Deactivating autopickup; reactivate with Ctrl-A.
Autopickup is now on.
You start resting.
Something hits you but does no damage.
Deactivating autopickup; reactivate with Ctrl-A.
Autopickup is now on.
You start resting.
Something hits you but does no damage.
Deactivating autopickup; reactivate with Ctrl-A.
Autopickup is now on.
You start resting.
Something hits you.
Deactivating autopickup; reactivate with Ctrl-A.
Autopickup is now on.
You start resting.
You hear some strange, mumbled words.
A magic dart appears from out of thin air!
Deactivating autopickup; reactivate with Ctrl-A.
The magic dart hits you.
You die...

###
#.#.......<....######.# #
#.#...................# #
#.##.#...#.###.######.# #
#.##.#...#.# #.# #.# #
#.##.#...#.# #.######.###
#)##.##....###.##........
#.##.#####.##.#.#.###..##
#.##.#####...###..#......
#.##.##.@...#.#.###.##.#.
#.##.##{............##.#.
#.##.#......##.#######.#(
#.##...........#######.#.
#........................
######.#.##########.#....
#....# #.#.>##
#..######### #.#..#
#..........# #.#..#


There were no monsters in sight!

Vanquished Creatures
  2 adders (D:2)
  2 dart slugs (D:1)
  3 orcs (D:3)
  3 ball pythons
  8 bats
  3 endoplasms
  2 giant cockroaches (D:1)
  6 goblins
  3 hobgoblins
  3 jackals (D:1)
  2 frilled lizards (D:1)
  A kobold (D:1)
  A rat (D:2)
39 creatures vanquished.

Notes
Turn   | Place    | Note
-------+----------+-------------------------------------------
     0 | D:1      | qw the Deep Elf Hunter began the quest for the Orb.
     0 | D:1      | Reached XP level 1. HP: 12/12 MP: 3/3
     0 | D:1      | 0 ||| qw: Version: 0.3-a-22-g0ed2b0b
     0 | D:1      | 0 ||| qw: Game counter: 4916
     0 | D:1      | 0 ||| qw: Melee chars always use a shield: true
     0 | D:1      | 0 ||| qw: God list: Okawaru
     0 | D:1      | 0 ||| qw: Allow faded altars: false
     0 | D:1      | 0 ||| qw: Do Orc after clearing Dungeon:15 true
     0 | D:1      | 0 ||| qw: Do second Lair branch before Depths: true
     0 | D:1      | 0 ||| qw: Lair rune preference: random
     0 | D:1      | 0 ||| qw: Goals: Normal
     0 | D:1      | 0 ||| PLANNING D:1-11
    75 | D:1      | Reached XP level 2. HP: 16/16 MP: 4/4
    77 | D:1      | Reached skill level 6 in Ranged Weapons
   126 | D:1      | 126 ||| FLEEEEING.
   559 | D:1      | Reached XP level 3. HP: 20/20 MP: 5/5
   600 | D:1      | 600 ||| READING scroll labelled GORUERR WACKIM.
   601 | D:1      | 601 ||| DRINKING 2 glowing puce potions.
   602 | D:1      | 602 ||| DROPPING scroll of butterflies.
   755 | D:2      | Reached skill level 7 in Ranged Weapons
  1208 | D:2      | 1208 ||| UPGRADING to +0 cloak.
  1213 | D:2      | 1213 ||| UPGRADING to +6 ring of dexterity.
  1259 | D:3      | 1259 ||| PLANNING SEWER
  1277 | D:3      | 1277 ||| FLEEEEING.
  1282 | D:3      | 1282 ||| FLEEEEING.
  1285 | D:3      | 1285 ||| STAIRDANCE
  1322 | D:3      | Reached XP level 4. HP: 20/25 MP: 6/6
  1334 | D:3      | 1334 ||| FLEEEEING.
  1335 | D:3      | 1335 ||| STAIRDANCE
  1341 | D:2      | HP: 6/25 [something (3)]
  1344 | D:2      | HP: 2/25 [something (4)]
  1345 | D:2      | Killed from afar by an orc wizard

Levels and vault maps discovered:
D:1:      co_arrival_square_in_a_square_in_a_square, layout_loops_ring
D:2:      layout_loops_ring
D:3:      layout_rooms, portal_sewer_entry_b, chequers_ecumenical_altar_lobes,
          nrook_mini_vaults

Skill      XL: |  1  2  3 |
---------------+----------+-----
Ranged Weapons | 6 7 |  7.3
Fighting       | |  1.5
Dodging        | |  2.7
Stealth        | |  1.2

Action                     |  1- 3 |  4- 6 || total
---------------------------+-------+-------++-------
   Fire: Shortbow          |    99 |     6 ||   105
    Use: Scroll            |     1 |       ||     1
         Potion            |     1 |       ||     1
 Armour: Leather armour    |     9 |     5 ||    14
  Dodge: Dodged            |    35 |     5 ||    40

Table legend:
 A = Non-vault XP
 B = Vault XP
 C = Vault XP percentage of total XP
 D = Non-vault monster count
 E = Vault monster count
 F = Vault count percentage of total count
                 A         B        C        D         E       F
            +---------+---------+-------+---------+---------+-------
      Total |      99 |       0 |   0.0 |      39 |       0 |   0.0
            +---------+---------+-------+---------+---------+-------
        D:1 |      41 |       0 |   0.0 |      22 |       0 |   0.0
        D:2 |      46 |       0 |   0.0 |      12 |       0 |   0.0
        D:3 |      12 |       0 |   0.0 |       5 |       0 |   0.0
            +---------+---------+-------+---------+---------+-------
